 Dungeon Crawl Stone Soup version 0.15-a0-1880-g53e602b (webtiles) character file.

102 Kenran the Cudgeler (level 4, -7/28 HPs)
             Began as a Gargoyle Fighter on July 5, 2014.
             Was an Initiate of Okawaru.
             Mangled by Kenran's ghost (8 damage)
             ... on Level 3 of the Dungeon.
             The game lasted 00:06:32 (2069 turns).

Kenran the Cudgeler (Gargoyle Fighter)              Turns: 2069, Time: 00:06:32

HP  -7/28        AC 10     Str 21      XL: 4   Next: 78%
MP   4/4         EV  6     Int  8      God: Okawaru [......]
Gold 45          SH  9     Dex  9      Spells:  0 memorised,  3 levels left

rFire  . . .     SeeInvis .     a - +0 flail
rCold  . . .     Clarity  .     b - +0 scale mail
rNeg   + . .     rCorr    .     c - +0 shield
rPois  +         rRot     +     (no helmet)
rElec  +         Spirit   .     (no cloak)
SustAb .         Warding  .     (no gloves)
rMut   .         Rnd*Tele +     (no boots)
Gourm  .                        (no amulet)
MR     .....                    (no ring)
                                k - cursed ring of teleportation

@: not resistant to hostile enchantments, extremely unstealthy
A: negative energy resistance 1, electricity resistance, unbreathing,
petrification resistance, rot immunity, AC +3
a: Renounce Religion, Evoke Teleportation


You were on level 3 of the Dungeon.
You worshipped Okawaru.
Okawaru was noncommittal.
You were not hungry.

You visited 1 branch of the dungeon, and saw 3 of its levels.

You collected 45 gold pieces.

Inventory:

Hand weapons
 a - a +0 flail (weapon)
Armour
 b - a +0 scale mail (worn)
 c - a +0 shield (worn)
Comestibles
 d - 2 bread rations
 m - a slice of pizza
Scrolls
 g - a scroll of teleportation
 h - a scroll of fog {unknown}
 j - a scroll of fear
 n - a scroll of blinking {unknown}
 o - a scroll of noise {unknown}
Jewellery
 k - a cursed ring of teleportation (left hand)
Potions
 e - a potion of might
 f - a potion of invisibility {unknown}
 i - 2 potions of agility {unknown}
 l - a potion of degeneration {unknown}


   Skills:
 - Level 3.2 Fighting
 + Level 4.8 Maces & Flails
 - Level 3.2 Armour
 - Level 3.2 Shields


You had 3 spell levels left.
You didn't know any spells.

Dungeon Overview and Level Annotations

Branches:
Dungeon (3/15)

Altars:
Okawaru

Annotations:
D:3 Kenran's ghost, weakling GrFi


Innate Abilities, Weirdness & Mutations

You are resistant to torment.
You are immune to poison.
Your stone body is very resilient (AC +3).
You resist negative energy.
You are resistant to electric shocks.
You can survive without breathing.
You are immune to petrification.
You are immune to rotting.


Message History

You kill the giant cockroach!
Okawaru accepts your kill. Kenran's ghost hits you!
You hit Kenran's ghost but do no damage.
Kenran's ghost hits you!
* * * LOW HITPOINT WARNING * * *
You hit Kenran's ghost but do no damage.
Kenran's ghost hits you.
* * * LOW HITPOINT WARNING * * *
You hit Kenran's ghost.
Kenran's ghost is lightly damaged.
Kenran's ghost hits you but does no damage.
You hit Kenran's ghost but do no damage.
Kenran's ghost is lightly damaged.
Kenran's ghost crushes a nearby insect and laughs.
Kenran's ghost barely misses you. You block Kenran's ghost's attack.
You hit Kenran's ghost but do no damage.
Kenran's ghost is lightly damaged.
Kenran's ghost hits you!
You die...

###### ##########....#
#......W...##.#
#######+##.######.#.##.#
.........W...............
#######@##.######.###...
#.##+# #.# #... #......#
#.# #... ###....# #.#
##'# ....# #.## #%# ...#
#..# #.# ########.###.#
#.......#... #.......#...


You could see Kenran's ghost.

Vanquished Creatures
  4 adders
  A worm (D:3)
  A giant mite (D:2)
  2 orcs (D:3)
  3 bats
  7 hobgoblins
  4 jackals (D:1)
  9 kobolds
  2 giant cockroaches
  2 giant geckos
  3 giant newts
  8 goblins
  8 rats
54 creatures vanquished.

Notes
Turn   | Place    | Note
--------------------------------------------------------------
     0 | D:1      | Kenran, the Gargoyle Fighter, began the quest for the Orb.
     0 | D:1      | Reached XP level 1. HP: 14/14 MP: 1/1
   187 | D:1      | Reached XP level 2. HP: 19/19 MP: 2/2
   748 | D:1      | Reached XP level 3. HP: 16/23 MP: 3/3
  1207 | D:2      | Found an iron altar of Okawaru.
  1222 | D:2      | Reached skill level 4 in Maces & Flails
  1227 | D:2      | Became a worshipper of Warmaster Okawaru
  1339 | D:2      | Reached XP level 4. HP: 28/28 MP: 4/4
  2010 | D:3      | Noticed Kenran's ghost (weakling GrFi)
  2066 | D:3      | HP: 1/28 [Kenran's ghost (6)]
  2069 | D:3      | Mangled by Kenran's ghost

Action                   |  1- 3 |  4- 6 || total
-------------------------+-------+-------++-------
Melee: Flail             |   165 |    95 ||   260
  Use: Scroll            |     4 |     2 ||     6
